 Dungeon Crawl Stone Soup version 0.29.1-2-gbd0b4ee654 (webtiles) character file.

Game seed: 6340902338302317660

49 Firos the Changer (level 3, -8/23 HPs)
             Began as an Octopode Transmuter on Nov 8, 2022.
             Mangled by Crazy Yiuf
             ... wielding a +2 quarterstaff of chaos
              (15 damage)
             ... on level 2 of the Dungeon.
             The game lasted 00:01:30 (1663 turns).

Firos the Changer (Octopode Transmuter)             Turns: 1663, Time: 00:01:34

Health: -8/23      AC:  6    Str:  9    XL:     3   Next: 77%
Magic:  0/6        EV: 19    Int: 17    God:
Gold:   120        SH:  0    Dex: 17    Spells: 1/7 levels left

rFire   . . .      SeeInvis .     - Unarmed
rCold   . . .      Faith    .   (shield currently unavailable)
rNeg    . . .      Spirit   .   (helmet currently unavailable)
rPois   x          Reflect  .   (no amulet)
rElec   .          Harm     .   b - +4 ring of protection
rCorr   .          Rampage  .   (no ring)
Will    .....                   (no ring)
Stlth   ++........              (no ring)
HPRegen 0.07/turn               (no ring)
MPRegen 0.10/turn               (no ring)
                                (no ring)
                                (no ring)

@: spider-form, very slightly contaminated
A: venomous fangs, almost no armour, (amphibious), 8 rings, tiny, (camouflage
1), (gelatinous body 1), (nimble swimmer 1), (tentacles)
a: End Transformation


You were on level 2 of the Dungeon.
You were a venomous arachnid creature.
You visited 1 branch of the dungeon, and saw 2 of its levels.

You collected 120 gold pieces.

Inventory:

Jewellery
 b - a +4 ring of protection (left front leg)
Wands
 e - a wand of mindburst (4)
Scrolls
 d - a scroll of summoning
 f - a scroll of teleportation
Potions
 a - a potion of lignification
 c - 2 potions of might
 g - a potion of brilliance {unknown}
 h - a potion of flight {unknown}
 i - a potion of degeneration {unknown}


   Skills:
 - Level 1.0 Fighting
 - Level 2.0 Dodging
 - Level 3.0 Unarmed Combat
 + Level 2.6 Spellcasting
 * Level 3.4 Transmutations


You had one spell level left.
You knew the following spells:

 Your Spells              Type           Power      Damage    Failure   Level
a - Beastly Appendage     Tmut           28%        N/A       13%         1
b - Wereblood             Tmut           14%        N/A       19%         2
c - Spider Form           Tmut/Pois      8%         N/A       47%         3

Your spell library contained the following spells:

 Spells                   Type           Power      Damage    Failure   Level
 Ice Form                 Ice/Tmut       8%         N/A       83%         4


Dungeon Overview and Level Annotations

Branches:
Dungeon (2/15)

Altars:

Annotations:
D:2 Crazy Yiuf


Innate Abilities, Weirdness & Mutations

You are a venomous arachnid creature.
You have poisonous fangs.
You are tiny and dextrous.
Your spellcasting is less reliable in this form.
Your armour is entirely melded.
You are incapable of wielding weapons or throwing items.
You cannot wear most types of armour.
((You are amphibious.))
You can wear up to eight rings at the same time.
((Your skin changes colour to match your surroundings (Stealth+).))
((Your rubbery body absorbs attacks. (AC +1, EV +1)))
((You are camouflaged when in or above water. (Stealth+)))
((You have tentacles for arms and can constrict up to eight enemies at once.))


Message History

Crazy Yiuf shouts!
Found a scroll of vulnerability.
No target in view!
No target in view!
You see here a +1 falchion of electrocution.
h - an emerald potion
Found 2 poisoned darts.
You now have 112 gold pieces (gained 14).
You now have 120 gold pieces (gained 8).
i - a coppery potion You see here a scroll of vulnerability.
There is a stone staircase leading down here.
Key pressed, stopping explore.
Could not explore, unopened runed door.
Could not explore, unopened runed door.
Cast which spell? (? or * to list)
The spell is extremely dangerous to miscast (26% risk of failure)!
Continue anyway?
You miscast Spider Form.
You are very lightly contaminated with residual magic.
You feel a strange surge of energy.
Crazy Yiuf shouts!
Casting: Spider Form (extremely dangerous; 26% risk of failure)
Confirm with . or Enter, or press ? or * to list all spells.
The spell is extremely dangerous to miscast (26% risk of failure)!
Continue anyway?
You turn into a venomous arachnid creature.
You open the door. You hit Crazy Yiuf.
Crazy Yiuf is poisoned.
Crazy Yiuf is moderately wounded.
Crazy Yiuf barely misses you.
You hit Crazy Yiuf but do no damage.
Crazy Yiuf looks as sick as possible!
Crazy Yiuf is moderately wounded.
Crazy Yiuf screams, "Shower!"
Crazy Yiuf closely misses you.
You hit Crazy Yiuf.
Crazy Yiuf is heavily wounded.
Crazy Yiuf hits you with a +2 quarterstaff of chaos!
Ouch! That really hurt!
You are electrocuted!
Ouch! That really hurt!
You die...

#.....###................#.......
#.....###.......#................
#........##.....#........#.......
#.......##################.......
........# ###..#####
........####### #.........
..........P.#.### ### #.........
..........PP.#..##...# #.........
............####sg...# ######.###
..........P## ###..)# #.......
........#### ### #.......
####....# #....... ######
#....... #....... ######## #
######


You could see Crazy Yiuf (extremely poisoned).

Vanquished Creatures
  An adder (D:2)
  4 ball pythons
  7 endoplasms
  5 giant cockroaches
  3 goblins
  3 hobgoblins
  2 kobolds
  4 bats
  2 frilled lizards (D:1)
  3 rats (D:1)
34 creatures vanquished.

Notes
Turn   | Place    | Note
-------+----------+-------------------------------------------
     0 | D:1      | Firos the Octopode Transmuter began the quest for the Orb.
     0 | D:1      | Reached XP level 1. HP: 13/13 MP: 3/3
   225 | D:1      | Reached XP level 2. HP: 18/18 MP: 5/5
   228 | D:1      | Learned a level 2 spell: Wereblood
   652 | D:1      | Reached XP level 3. HP: 23/23 MP: 6/6
   656 | D:1      | Learned a level 3 spell: Spider Form
  1330 | D:2      | Found a runed translucent door.
  1331 | D:2      | Noticed Crazy Yiuf
  1663 | D:2      | Mangled by Crazy Yiuf

Illustrated notes

Levels and vault maps discovered:
D:1:      psy_arrival_heroes, layout_basic, minmay_misc_feat_encased
D:2:      layout_basic, uniq_crazy_yiuf_cottage

Skill      XL: |  1  2 |
---------------+-------+-----
Transmutations | 3 |  3.4
Fighting       | |  1.0
Dodging        | |  2.0
Unarmed Combat | |  3.0
Spellcasting   | |  2.6

Action                   || total
-------------------------++-------
Melee: Unarmed           ||    74
       Constrict         ||    16
       Tentacles         ||    18
       Punch             ||     2
 Cast: Spider Form       ||     1
  Use: Scroll            ||     5
 Stab: Sleeping          ||     7
Armor: Skin              ||     6
Dodge: Dodged            ||    46
